 Dungeon Sprint DCSS version 0.28-a0-224-g76b539d98b (webtiles) character file.

Game seed: 12342769230328420165

1338 MikeHunt the Cleaver (level 8, 0/73 HPs)
             Began as a Demigod Warper on Aug 21, 2021.
             Succumbed to a sea snake's poison
             ... in the Dungeon (Sprint VII: "The Pits").
             The game lasted 00:04:09 (676 turns).

MikeHunt the Cleaver (Demigod Warper)                Turns: 676, Time: 00:04:10

Health: 0/73       AC:  9    Str: 16    XL:     8   Next: 13%
Magic:  13/13      EV: 14    Int: 15    God:
Gold:   0          SH:  0    Dex: 17    Spells: 10/10 levels left

rFire   . . .      SeeInvis .   m - +1 hand axe (vorpal)
rCold   . . .      Faith    .   (no shield)
rNeg    . . .      Spirit   .   o - +3 ring mail
rPois   .          Reflect  .   (no helmet)
rElec   .          Harm     .   (no cloak)
rCorr   .          Rampage  .   (no gloves)
Will    .....      NoTele   +   (no boots)
Stlth   +.........              (no amulet)
HPRegen 0.22/turn               (no ring)
MPRegen 0.13/turn               (no ring)

@: lethally poisoned (0 -> -53), very slightly contaminated, invisible
A: high mp 1, forlorn
a: no special abilities


You were in the Dungeon.
You visited 1 branch

Inventory:

Hand Weapons
 a - a +0 hand axe
 j - a +2 hand axe
 m - a +1 vorpal hand axe (weapon)
Missiles
 d - 4 boomerangs of dispersal (quivered)
Armour
 b - a +0 leather armour
 n - a +3 chain mail
 o - a +3 ring mail (worn)
Wands
 i - a wand of flame (17)
Scrolls
 c - 2 scrolls of blinking
 l - a scroll of summoning
Potions
 e - a potion of curing
 g - a potion of haste
 h - 4 potions of magic


   Skills:
 + Level 7.5 Fighting
 + Level 11.5 Axes
 - Level 0.8 Throwing
 + Level 7.3 Armour
 + Level 7.5 Dodging
 - Level 1.7 Spellcasting
 - Level 2.6 Translocations


You had 10 spell levels left.
You didn't know any spells.
Your spell library contained the following spells:

 Spells                   Type           Power      Damage    Failure   Level
 Blink                    Tloc           N/A        N/A       21%         2
 Gell's Gravitas          Tloc           4%         N/A       36%         3
 Lesser Beckoning         Tloc           4%         N/A       36%         3
 Teleport Other           Tloc           9%         N/A       36%         3
 Manifold Assault         Tloc           9%         N/A       98%         5


Dungeon Overview and Level Annotations

Branches:
Dungeon (1/1)


Innate Abilities, Weirdness & Mutations

Your attributes grow dramatically as you level up.
You have an increased reservoir of magic. (+10% MP)
You shall have no god before yourself.


Message History

You feel better. The sea snake misses you.
You completely miss the sea snake.
The sea snake is severely wounded.
The sea snake closely misses you.
You feel much better. The sea snake closely misses you.
The sea snake barely misses you.
You miss the sea snake.
The sea snake is severely wounded.
The sea snake barely misses you.
You hit the sea snake.
The sea snake is severely wounded.
You miss the sea snake.
The sea snake is severely wounded.
The sea snake bites you.
You closely miss the sea snake.
The sea snake is severely wounded.
The sea snake bites you but does no damage.
You barely miss the sea snake.
The sea snake is severely wounded.
The sea snake bites you!
You are lethally poisoned!
The sea snake poisons you!
You feel better. The sea snake misses you.
You barely miss the sea snake.
The sea snake is severely wounded.
The sea snake bites you.
You are lethally poisoned!
The sea snake poisons you!
You slash the sea snake!
The sea snake is almost dead.
You feel extremely sick. The sea snake closely misses you.
You feel better. The sea snake bites you!
* * * LOW HITPOINT WARNING * * *
You are lethally poisoned!
The sea snake poisons you!
You strike the helpless sea snake from behind!
You hit the sea snake but do no damage.
The sea snake is almost dead.
You die...

#.####'##'###...<...#
#)#...†....##.......#
#.#........##.......#
#'###########.......#
#.......#.. #########
#.###...#.# ###
#.#.....#.# ...#
#.#...#.#)#....#
#.....#.#@Sh...+
#...###.#'#....#
#....†..).# ...#
########### ###


You could see a sea snake and a black bear.

Vanquished Creatures
  A deep elf zephyrmancer (D)
  A redback (D)
  Edmund (D)
  A floating eye (D)
  A sky beast (D)
  2 ogres (D)
  A black bear (D)
  A wolf (D)
  A crimson imp (D)
  A jelly (D)
  3 river rats (D)
  An orc (D)
  2 endoplasms (D)
  A giant cockroach (D)
  3 jackals (D)
  A frilled lizard (D)
  A goblin (D)
  A rat (D)
24 creatures vanquished.

Notes
Turn   | Place    | Note
-------+----------+-------------------------------------------
     0 | D        | MikeHunt the Demigod Warper began the quest for the Orb.
     0 | D        | Reached XP level 1. HP: 17/17 MP: 5/5
    12 | D        | Reached skill level 2 in Axes
    44 | D        | Reached skill level 4 in Axes
    44 | D        | Reached XP level 2. HP: 24/24 MP: 7/7
   138 | D        | Noticed a floating eye
   142 | D        | Paralysed by a floating eye for 4 turns
   147 | D        | Killed a floating eye
   148 | D        | Reached skill level 8 in Axes
   148 | D        | Reached XP level 3. HP: 29/29 MP: 8/8
   148 | D        | Reached XP level 4. HP: 36/36 MP: 9/9
   150 | D        | Reached skill level 9 in Axes
   274 | D        | Noticed a sky beast
   279 | D        | Noticed Edmund
   297 | D        | Killed a sky beast
   298 | D        | Reached XP level 5. HP: 43/45 MP: 10/10
   312 | D        | Killed Edmund
   313 | D        | Reached skill level 10 in Axes
   313 | D        | Reached XP level 6. HP: 11/55 MP: 11/11
   330 | D        | Reached skill level 5 in Fighting
   330 | D        | Reached skill level 5 in Dodging
   465 | D        | Reached skill level 5 in Armour
   476 | D        | Noticed a deep elf zephyrmancer
   493 | D        | Killed a deep elf zephyrmancer
   494 | D        | Reached skill level 11 in Axes
   494 | D        | Reached XP level 7. HP: 40/64 MP: 12/12
   645 | D        | Noticed a redback
   645 | D        | Noticed a sea snake
   653 | D        | Killed a redback
   654 | D        | Reached XP level 8. HP: 58/73 MP: 13/13
   676 | D        | Succumbed to a sea snake's poison

Illustrated notes

Levels and vault maps discovered:
D:        pitsprint [storerooms_1, entrance_room_1, metal_vault_6, armoury_2,
          mini_pit_1, grid_room_1, main_hall_1, silver_pit, the_coven_3,
          the_vestibule_1, steel_vault_1, golden_pit, hallway_of_sentries,
          crystal_vault_4, iron_vault_2, final_vault]

Skill      XL: |  1  2  3  4  5  6  7 |
---------------+----------------------+-----
Axes           | 4 8 9 10 11 | 11.5
Fighting       | 3 4 6 7 |  7.5
Armour         | 3 4 6 7 |  7.3
Dodging        | 3 4 6 7 |  7.5
Throwing       | |  0.8
Spellcasting   | |  1.7
Translocations | |  2.6

Action                   |  1- 3 |  4- 6 |  7- 9 || total
-------------------------+-------+-------+-------++-------
Melee: Hand axe          |    16 |    57 |    53 ||   126
Throw: Boomerang         |       |     1 |       ||     1
  Use: Potion            |     2 |     6 |     8 ||    16
 Stab: Invisible         |       |       |     7 ||     7
Armor: Leather armour    |     4 |       |       ||     4
       Ring mail         |       |    16 |     3 ||    19
Dodge: Dodged            |     9 |    17 |    34 ||    60

Table legend: (Time is in decaauts)
 A = Elapsed time spent in this place.
 B = Non-inter-level travel time spent in this place.
 C = Inter-level travel time spent in this place.
 D = Time resting spent in this place.
 E = Time spent auto-exploring this place.
 F = Levels seen in this place.
 G = Mean time per level.
                   A        B        C        D        E       F      G
               +--------+--------+--------+--------+--------+-----+--------+
         Total |    683 |    683 |      0 |    381 |      0 |   1 |  683.0 |
       Dungeon |    683 |    683 |      0 |    381 |      0 |   1 |  683.0 |
               +--------+--------+--------+--------+--------+-----+--------+

Top non-repeatable levels by time:
       D: 683 daAuts
